 Dungeon Crawl Stone Soup version 0.28-a0-662-g1651b1f1e0 (webtiles) character file.

Game seed: 18383020073990814710

17214 cheechan the Basher (level 12, -10/92 HPs)
             Began as an Octopode Berserker on Oct 14, 2021.
             Was a High Priest of Trog.
             Mangled by an orc warrior (26 damage)
             ... on level 12 of the Dungeon.
             The game lasted 00:54:02 (16086 turns).

cheechan the Basher (Octopode Berserker)           Turns: 16086, Time: 00:54:03

Health: -10/92     AC:  3    Str: 23    XL:     12   Next: 45%
Magic:  12/12      EV: 24    Int: 11    God:    Trog [*****.]
Gold:   460        SH:  7    Dex: 22    Spells: 11/11 levels left

rFire   + . .      SeeInvis +   W - +3 flail (freeze)
rCold   . . .      Faith    .   g - +1 buckler
rNeg    . . .      Spirit   .   J - +2 hat
rPois   +          Reflect  .   (no amulet)
rElec   .          Harm     .   c - ring of protection from fire
rCorr   +          Rampage  .   j - +4 ring of evasion
Will    .....                   t - ring of resist corrosion
Stlth   ++++++....              n - ring of flight
HPRegen 0.25/turn               A - +6 ring of dexterity
MPRegen 0.13/turn               Y - ring of poison resistance
                                P - ring of see invisible
                                U - +6 ring of strength

@: on berserk cooldown, flying, slowed, studying 2 skills, very slow
A: almost no armour, amphibious, 8 rings, camouflage 1, gelatinous body 1,
(nimble swimmer 1), tentacles, clever 1, robust 1, MP-powered wands
a: Renounce Religion, Berserk, Trog's Hand, Brothers in Arms


You were on level 12 of the Dungeon.
You worshipped Trog.
Trog was extremely pleased with you.
You visited 2 branches of the dungeon, and saw 13 of its levels.

You collected 651 gold pieces.
You spent 191 gold pieces at shops.

Inventory:

Hand Weapons
 h - a +4 scimitar of flaming
 k - a +1 whip of flaming
 p - the +5 dagger of Ascent {drain, *Slow Fly rN+++ Int+4}
   (You found it on level 12 of the Dungeon)

   A truly terrible weapon, it drains the life of any living foe it strikes.
   Int:       It affects your intelligence (+4).
   rN:        It renders you almost immune to negative energy.
   Fly:       It grants you flight.
   *Slow:     It may slow you when you take damage.
 q - a +2 quarterstaff of chaos
 s - a +1 whip of venom
 w - a +2 flail of protection
 F - a +2 whip of electrocution
 H - a +2 shortbow of freezing
 V - a +4 dire flail
 W - a +3 flail of freezing (weapon)
 Z - the +5 dagger of Equilibrium {distort, *Corrode rPois Str+10 Int-3 SInv}
   (You found it on level 10 of the Dungeon)

   It warps and distorts space around it, and may blink, banish, or inflict
   extra damage upon those it strikes.
   Unwielding it can cause banishment or high damage.
   Str:       It affects your strength (+10).
   Int:       It affects your intelligence (-3).
   rPois:     It protects you from poison.
   SInv:      It lets you see invisible.
   *Corrode:  It may corrode you when you take damage.
Missiles
 d - 236 arrows
 f - 354 stones
 i - 45 poisoned darts
 o - 103 sling bullets
 r - a curare-tipped dart
 y - 4 javelins
 C - 7 boomerangs (quivered)
 D - 2 datura-tipped darts
 L - 70 bolts
 R - a throwing net
Armour
 g - a +1 buckler (worn)
 J - a +2 hat (worn)
Jewellery
 c - a ring of protection from fire (left tentacle)
 j - a +4 ring of evasion (right tentacle)
 n - a ring of flight (on tentacle)
 t - a ring of resist corrosion (on tentacle)
 A - a +6 ring of dexterity (on tentacle)
 P - a ring of see invisible (on tentacle)
 U - a +6 ring of strength (on tentacle)
 Y - a ring of poison resistance (on tentacle)
Wands
 b - a wand of iceblast (12)
 m - a wand of flame (19)
 I - a wand of polymorph (18)
 N - a wand of acid (6)
 Q - a wand of mindburst (10)
Scrolls
 a - a scroll of blinking
 u - a scroll of identify
 B - 2 scrolls of amnesia
 G - 5 scrolls of teleportation
 K - a scroll of fog
 O - a scroll of noise
 T - 2 scrolls of fear
Potions
 l - 2 potions of attraction
 v - a potion of haste
 x - a potion of resistance
 z - a potion of heal wounds
 E - 3 potions of curing
 M - a potion of magic
 S - 2 potions of might


   Skills:
 + Level 8.5 Fighting
 + Level 3.4 Short Blades
 + Level 4.6(9.6) Axes
 + Level 13.0(13.3) Maces & Flails
 + Level 6.1 Bows
 + Level 2.1 Throwing
 + Level 9.3 Dodging
 + Level 11.2 Stealth
 + Level 5.0 Shields


You had 11 spell levels left.
You didn't know any spells.
Your spell library was empty.

Dungeon Overview and Level Annotations

Branches:
Dungeon (12/15)            Temple (1/1) D:5            Lair (0/6) D:10
    Orc (0/2) D:12

Altars:
Ashenzari
Kikubaaqudgha
Makhleb
Sif Muna
Zin
The Shining One

Shops:
D:2 (   D:6 (   D:7 *

Annotations:
D:10 exclusion: oklob plant


Innate Abilities, Weirdness & Mutations

You cannot wear most types of armour.
You are amphibious.
You can wear up to eight rings at the same time.
Your skin changes colour to match your surroundings (Stealth+).
Your rubbery body absorbs attacks. (AC +1, EV +1)
((You are camouflaged near water. (Stealth+)))
You have tentacles for arms and can constrict up to eight enemies at once.
Your mind is acute. (Int +2)
You are robust. (+10% HP)
You expend magic power (3 MP) to strengthen your wands.


Message History

You bludgeon the kobold brigand!! You freeze the kobold brigand.
You kill the kobold brigand!
Trog accepts your kill.
The gnoll sergeant hits you from afar with a +4 spear of flaming!
Your Maces & Flails skill increases to level 13!
You block the kobold brigand's attack.
The gnoll sergeant hits you with a +4 spear of flaming.
The orc warrior shouts loudly.
The orc warrior hits you from afar with a +0 trident!
There is an open door, spattered with blood here.
Items here: ( ))))) [[ †††.
You feel a strong urge to attack something.
You are no longer berserk.
You are exhausted.
You feel yourself slow down.
Throw: 7 boomerangs
Press: ? - help, Q - select action, (/) - cycle Shift-Dir - straight line, f - gnoll sergeant
Aim: a gnoll sergeant, wielding a +4 spear of flaming and wearing a +0 scale mail (74% to hit)
Okay, then.
Okay, then.
The gnoll sergeant hits you with a +4 spear of flaming.
The gnoll sergeant burns you.
The orc warrior hits you from afar with a +0 trident.
The orc warrior hits you with a +3 vorpal long sword!!
You block the orc's attack.
The kobold brigand completely misses you.
The gnoll sergeant completely misses you.
The orc warrior misses you.
The orc warrior hits you with a +3 vorpal long sword!!
* * * LOW HITPOINT WARNING * * *
x2 The orc completely misses you.
There is an open door, spattered with blood here.
Items here: ( ))))) [[ †††.
You block the gnoll sergeant's attack. The orc warrior closely misses you.
The orc warrior barely misses you. The orc warrior barely misses you.
The orc warrior closely misses you.
The orc warrior hits you with a +3 vorpal long sword!!
You die...

#..# ##'# ##.# #... ###.###
#... #.....# ##### #...
###.....# #...# #... ........#
#.#.########...
###..>..#########
#.#.#8oO.8##...
#.............###.#.#gTo..##...
#.....#######.@o.o#.oooOO.#'...
#.....# #####K#.#.og..##...
#.....# #.#K#8Kg.8##... #######
#K#.########... #...# ####
#####


You could see 2 orc warriors and a kobold brigand.

Vanquished Creatures
  A boulder beetle (D:12)
  Erica (D:11)
  6 two-headed ogres
  Pikel (D:5)
  2 ugly things
  3 cyclopes
  3 gargoyles (D:12)
  An unseen horror (D:12)
  A komodo dragon (D:7)
  3 trolls
  2 hornets (D:9)
  A wolf spider simulacrum (D:12)
  5 slime creatures (D:12)
  A vampire (D:11)
  A wraith (D:7)
  6 yaks (D:12)
  A steam dragon (D:8)
  3 vampire mosquitoes (D:12)
  Edmund (D:5)
  2 acid dragons
  7 orc warriors
  3 necrophages
  2 wolves (D:6)
  A black bear (D:6)
  4 ogres
  7 centaurs
  A phantom (D:6)
  2 lemures (D:5)
  4 kobold brigands
  A wyvern zombie (D:9)
  3 scorpions
  A water moccasin zombie (D:5)
  8 killer bees (D:10)
  7 wights
  3 howler monkeys (D:8)
  A bullfrog zombie (D:7)
  5 centaur zombies
  5 hounds
  4 jellies
  2 orc priests (D:7)
  A bullfrog skeleton (D:5)
  3 gnoll shamans (D:5)
  A centaur skeleton (D:5)
  Crazy Yiuf (D:7)
  Jessica (D:3)
  2 iguanas
  2 orc wizards
  2 killer bee zombies
  2 howler monkey zombies (D:8)
  24 gnolls
  A howler monkey skeleton (D:7)
  5 adders
  2 shadow imps
  2 ufetubi
  An adder skeleton (D:4)
  A worm (D:3)
  A dart slug (D:1)
  18 orcs
  6 endoplasms
  4 giant cockroaches
  11 goblins
  5 jackals
  3 quokkas
  2 ball pythons
  4 frilled lizards
  9 kobolds
  6 rats
236 creatures vanquished.

Vanquished Creatures (others)
  A plant (D:11)
1 creature vanquished.

Grand Total: 237 creatures vanquished

Notes
Turn   | Place    | Note
-------+----------+-------------------------------------------
     0 | D:1      | cheechan the Octopode Berserker began the quest for the
                  | Orb.
     0 | D:1      | Reached XP level 1. HP: 16/16 MP: 1/1
   153 | D:1      | Reached XP level 2. HP: 15/21 MP: 2/2
   478 | D:1      | Reached skill level 1 in Stealth
   486 | D:1      | Reached ** piety under Trog
   487 | D:1      | Reached XP level 3. HP: 13/26 MP: 3/3
   992 | D:2      | Found a faded altar of an unknown god.
  1016 | D:2      | Found Qily's Weapon Emporium.
  1138 | D:2      | You fall into a shaft and drop 1 floor!
  1138 | D:3      | Noticed Jessica
  1143 | D:3      | Killed Jessica
  1144 | D:3      | Reached XP level 4. HP: 31/31 MP: 4/4
  1247 | D:3      | Noticed a scorpion
  1273 | D:3      | Killed a scorpion
  1274 | D:3      | Reached XP level 5. HP: 6/36 MP: 5/5
  2306 | D:4      | Noticed an ogre
  2313 | D:4      | Killed an ogre
  2314 | D:4      | Reached skill level 1 in Short Blades
  2314 | D:4      | Reached XP level 6. HP: 43/43 MP: 6/6
  2517 | D:4      | Found a burning altar of Makhleb.
  2517 | D:4      | Noticed a cacodemon
  2521 | D:4      | Noticed a smoke demon
  2521 | D:4      | Noticed a ynoxinul
  3162 | D:4      | Reached *** piety under Trog
  3491 | D:5      | Entered Level 5 of the Dungeon
  3491 | D:5      | Noticed Edmund
  3501 | D:5      | Killed Edmund
  3502 | D:5      | Reached skill level 5 in Stealth
  3502 | D:5      | Reached XP level 7. HP: 48/48 MP: 7/7
  3972 | D:5      | Noticed a troll
  3976 | D:5      | Reached skill level 1 in Maces & Flails
  3976 | D:5      | Reached skill level 1 in Shields
  3990 | D:5      | Reached XP level 8. HP: 54/54 MP: 8/8
  3992 | D:5      | Killed a troll
  3993 | D:5      | Reached skill level 2 in Maces & Flails
  4522 | D:5      | Reached skill level 3 in Maces & Flails
  4567 | D:5      | Reached skill level 5 in Dodging
  4822 | D:5      | Noticed Pikel
  4828 | D:5      | Killed Pikel
  4829 | D:5      | Reached skill level 5 in Fighting
  4829 | D:5      | Reached skill level 4 in Maces & Flails
  4829 | D:5      | Reached skill level 1 in Throwing
  4829 | D:5      | Reached XP level 9. HP: 61/61 MP: 9/9
  5131 | D:5      | Found a staircase to the Ecumenical Temple.
  5137 | Temple   | Entered the Ecumenical Temple
  5204 | D:5      | Reached skill level 5 in Maces & Flails
  5602 | D:6      | Identified the +3 leather armour of Anuhy {rC+ rN+}
  5693 | D:6      | Found Kyask's Weapon Emporium.
  5806 | D:6      | Bought a +2 shortbow of freezing for 191 gold pieces
  5935 | D:5      | Reached skill level 1 in Bows
  6353 | D:6      | Reached **** piety under Trog
  7404 | D:7      | Reached skill level 6 in Maces & Flails
  7404 | D:7      | Reached skill level 5 in Bows
  7601 | D:7      | Noticed a komodo dragon
  7609 | D:7      | Killed a komodo dragon
  7987 | D:7      | Reached XP level 10. HP: 41/68 MP: 10/10
  8146 | D:7      | Found Isuxafos's Assorted Antiques.
  8372 | D:7      | Gained mutation: You expend magic power (3 MP) to
                  | strengthen your wands. [potion of mutation]
  8372 | D:7      | Gained mutation: You have hidden genetic potential. [potion
                  | of mutation]
  8514 | D:7      | Found a runed translucent door.
  8515 | D:7      | Noticed Crazy Yiuf
  8520 | D:7      | Killed Crazy Yiuf
  8743 | D:8      | Found a shimmering blue altar of Sif Muna.
  8934 | D:8      | Noticed a two-headed ogre
  8948 | D:8      | Killed a two-headed ogre
  8949 | D:8      | Reached skill level 7 in Maces & Flails
  9168 | D:8      | Found a broken altar of Ashenzari.
  9169 | D:8      | Found a glowing golden altar of the Shining One.
  9890 | D:8      | Noticed a two-headed ogre
  9901 | D:8      | Killed a two-headed ogre
  9902 | D:8      | Reached skill level 8 in Maces & Flails
 10312 | D:9      | Identified a scroll of acquirement
 10378 | D:9      | Noticed a two-headed ogre
 10383 | D:9      | Killed a two-headed ogre
 10452 | D:9      | Reached XP level 11. HP: 65/75 MP: 11/11
 10480 | D:9      | Gained mutation: You are robust. (+10% HP) [hidden
                  | potential]
 10705 | D:9      | Noticed a two-headed ogre
 10715 | D:9      | Killed a two-headed ogre
 10716 | D:9      | Reached skill level 9 in Maces & Flails
 10755 | D:10     | Entered Level 10 of the Dungeon
 10761 | D:10     | Reached ***** piety under Trog
 11551 | D:10     | Identified the +5 dagger of Equilibrium {distort, *Corrode
                  | rPois Str+10 Int-3 SInv}
 11608 | D:10     | Noticed an oklob plant
 11611 | D:10     | Found a staircase to the Lair.
 11982 | D:10     | Acquired a manual of Maces & Flails
 11996 | D:10     | Found an ancient bone altar of Kikubaaqudgha.
 12126 | D:10     | Found a glowing silver altar of Zin.
 12723 | D:11     | Noticed Erica
 12734 | D:11     | Killed Erica
 12803 | D:11     | Noticed a cyclops
 12871 | D:11     | Noticed a cyan ugly thing
 12888 | D:11     | Killed a cyan ugly thing
 12889 | D:11     | Reached skill level 10 in Maces & Flails
 12969 | D:11     | Killed a cyclops
 13242 | D:11     | Noticed a two-headed ogre
 13242 | D:11     | Noticed a cyclops
 13251 | D:11     | Killed a two-headed ogre
 13252 | D:11     | Reached skill level 10 in Stealth
 13257 | D:11     | Killed a cyclops
 13927 | D:11     | Identified the +0 scale mail "Manazar" {rElec Int+3}
 14059 | D:12     | Noticed a two-headed ogre
 14072 | D:12     | Killed a two-headed ogre
 14073 | D:12     | Reached skill level 11 in Maces & Flails
 14107 | D:12     | Noticed a green ugly thing
 14119 | D:12     | Killed a green ugly thing
 14120 | D:12     | Reached XP level 12. HP: 23/90 MP: 12/12
 14592 | D:12     | Noticed a boulder beetle
 14628 | D:12     | Killed a boulder beetle
 14636 | D:12     | Gained mutation: Your mind is acute. (Int +2) [hidden
                  | potential]
 14636 | D:12     | Lost mutation: You have hidden genetic potential. [hidden
                  | potential expressed]
 14854 | D:12     | Identified the +5 dagger of Ascent {drain, *Slow Fly rN+++
                  | Int+4}
 14887 | D:12     | Reached skill level 12 in Maces & Flails
 15750 | D:12     | Reached skill level 5 in Shields
 16058 | D:12     | Found a staircase to the Orcish Mines.
 16074 | D:12     | Reached skill level 13 in Maces & Flails
 16086 | D:12     | Mangled by an orc warrior

Illustrated notes

Levels and vault maps discovered:
D:1:      amcnicky_arrival_single_pillar, layout_loops_corners
D:2:      layout_loops_ring, chequers_ecumenical_altar_simple_redux,
          serial_shops, nicolae_shop_behind_doors, nicolae_lakefront_shop, shop,
          shop, nicolae_shop_statue_plus, minmay_surrounded
D:3:      layout_basic, uniq_jessica
D:4:      layout_loops_cross, makhleb_altar_promises_db
D:5:      layout_gridville, minmay_temple_entry_enclosed_plants,
          minmay_manual_monstrance, uniq_pikel, uniq_edmund
D:6:      layout_cave_pools, serial_gnoll_camp, gnoll_camp_mini_loothouse,
          gnoll_camp_mini_doghouse, gnoll_camp_mini_basic, gnoll_camp_mini_shop
D:7:      layout_cave_pools, serial_shops, shop_fountains,
          chequers_serial_rivers_room_a, kennysheep_windowed_goal,
          uniq_crazy_yiuf_cottage
D:8:      minmay_inner_zag, layout_basic, grunt_temple_overflow_open,
          mainiacjoe_overflow_small_starburst, kennysheep_dice
D:9:      layout_roguey
D:10:     layout_stronghold, mainiacjoe_overflow_cross_hatched,
          amcnicky_altar_gilded, dpeg_oklobed_lair, uniq_psyche
D:11:     layout_irregular_city, serial_bayou_pond_d, uniq_erica
D:12:     layout_roguey, kennysheep_orc_monster_closet_entryway,
          minmay_misc_feat_tower, minmay_misc_feat_diagonals,
          hangedman_decor_diamond_cutter
Temple:   regret_index_temple_sphere_string

Skill      XL: |  1  2  3  4  5  6  7  8  9 10 11 12 |
---------------+-------------------------------------+-----
Stealth        | 1 3 4 5 6 7 8 10 11 | 11.2
Axes           | 4 |  4.6
Short Blades   | 1 2 3 |  3.4
Dodging        | 4 5 6 7 8 9 |  9.3
Fighting       | 4 5 6 7 8 |  8.5
Maces & Flails | 1 4 6 8 11 13 | 13.0
Shields        | 1 2 3 4 5 |  5.0
Throwing       | 1 2 |  2.1
Bows           | 6 |  6.1

Action                   |  1- 3 |  4- 6 |  7- 9 | 10-12 || total
-------------------------+-------+-------+-------+-------++-------
Melee: Hand axe          |    40 |       |       |       ||    40
       Constrict         |    11 |    18 |    44 |    41 ||   114
       Tentacles         |     7 |    18 |    52 |   104 ||   181
       Dagger            |     1 |    68 |       |       ||    69
       Spear             |       |    16 |     3 |       ||    19
       Flail             |       |       |    63 |   124 ||   187
       Whip              |       |       |    98 |   207 ||   305
       Shortbow          |       |       |     1 |       ||     1
 Fire: Shortbow          |       |       |    32 |       ||    32
Throw: Dart              |       |       |     4 |       ||     4
       Boomerang         |       |       |       |     8 ||     8
Invok: Berserk           |       |     3 |     8 |    21 ||    32
  Use: Scroll            |     2 |     2 |     5 |    11 ||    20
       Potion            |       |       |       |    10 ||    10
 Stab: Sleeping          |     3 |     4 |     3 |    11 ||    21
       Distracted        |       |       |     1 |       ||     1
Armor: Skin              |     4 |     3 |    24 |    12 ||    43
Dodge: Dodged            |    27 |    61 |   177 |   228 ||   493
Block: Buckler           |       |     8 |    33 |    60 ||   101

Table legend: (Time is in decaauts)
 A = Elapsed time spent in this place.
 B = Non-inter-level travel time spent in this place.
 C = Inter-level travel time spent in this place.
 D = Time resting spent in this place.
 E = Time spent auto-exploring this place.
 F = Levels seen in this place.
 G = Mean time per level.
                   A        B        C        D        E       F      G
               +--------+--------+--------+--------+--------+-----+--------+
         Total |  16271 |  16271 |      0 |   6946 |     18 |  13 | 1251.6 |
       Dungeon |  16269 |  16269 |      0 |   6946 |     18 |  12 | 1355.8 |
        Temple |      1 |      1 |      0 |      0 |      0 |   1 |    1.0 |
               +--------+--------+--------+--------+--------+-----+--------+

Top non-repeatable levels by time:
     D:5: 2452 daAuts
    D:12: 2041 daAuts
    D:10: 1722 daAuts
    D:11: 1618 daAuts
     D:6: 1484 daAuts
     D:7: 1410 daAuts
     D:8: 1364 daAuts
     D:3: 1272 daAuts
     D:4: 1098 daAuts
     D:1: 925 daAuts
     D:9: 661 daAuts
     D:2: 218 daAuts
  Temple: 1 daAuts
